 Dungeon Crawl Stone Soup version 0.30-a0-1163-gf69bf04e7a (webtiles) character file.

Game seed: 3628807761025296282

5 Pooter the Sneak (level 1, -1/20 HPs)
             Began as a Minotaur Delver on Apr 28, 2023.
             Was an Initiate of Trog.
             Slain by a river rat (5 damage)
             ... in a sewer.
             The game lasted 00:02:50 (263 turns).

Pooter the Sneak (Minotaur Delver)                   Turns: 263, Time: 00:02:51

Health: -1/20      AC:  3    Str: 16    XL:     1   Next: 66%
Magic:  0/0        EV: 11    Int:  7    God:    Trog [......]
Gold:   0          SH:  0    Dex: 11    Spells: 0/0 levels left

rFire   . . .        a - +0 hand axe
rCold   . . .        (no shield)
rNeg    . . .        b - +0 leather armour
rPois   .            (helmet restricted)
rElec   .            (no cloak)
rCorr   .            (no gloves)
SInv    .            (no boots)
Will    .....        (no amulet)
Stlth   ++           (no ring)
HPRegen 0.23/turn    (no ring)
MPRegen 0.07/turn

%: no passive effects
@: no status effects
A: horns 2, retaliatory headbutt
a: Renounce Religion


You were in a sewer.
You worshipped Trog.
Trog was noncommittal.
You visited 2 branches of the dungeon, and saw 2 of its levels.
You also visited: Sewer.

Inventory:

Hand Weapons
 a - a +0 hand axe (weapon)
Armour
 b - a +0 leather armour (worn)
Wands
 D - a wand of digging (3)
Scrolls
 c - a scroll of fog
 e - a scroll of fear
Potions
 f - a potion of haste {@q3}


   Skills:
 + Level 3.7 Fighting
 * Level 2.7 Axes
 - Level 2.1 Dodging
 * Level 4.2 Stealth


You couldn't memorise any spells.
You didn't know any spells.
Your spell library was empty.

Dungeon Overview and Level Annotations

Branches:
Dungeon (5/15)             Temple (1/1) D:5           Sewer (1/1)

Altars:
Ashenzari
Cheibriados
Dithmenos
Fedhas
Gozag
Hepliaklqana
Kikubaaqudgha
Makhleb
Nemelex Xobeh
Ru
Sif Muna
Trog
Vehumet
Wu Jian


Innate Abilities, Weirdness & Mutations

You have a pair of horns on your head.
You reflexively headbutt those who attack you in melee.


Message History

You kill the giant cockroach!
Trog accepts your kill.
You hit the quokka. You headbutt the quokka.
The quokka bites you but does no damage.
You hit the quokka.
You kill the quokka!
Trog accepts your kill.
The giant cockroach completely misses you.
You furiously retaliate!
You headbutt the giant cockroach!
You kill the giant cockroach!
Trog accepts your kill.
A phantom comes into view.
A gnoll comes into view. It is wielding a +0 halberd.
You see here a scroll labelled TABYPI ACVI.
A gnoll bouda comes into view. It is wielding a +0 club.
Found a scroll labelled AHOAKO OKLYE.
You enter the shallow water.
Moving in this stuff is going to be slow.
There is a glowing drain here.
The world spins around you as you enter the gateway.
You enter a sewer!
Found a gate leading back out of this place.
There is an empty arch of ancient stone here.
A river rat comes into view.
What are your orders? t - Shout!
Orders for allies: a - Attack new target. r - Retreat! s - Stop attacking. g - Guard the area. f - Follow me.
Anything else - Cancel.
You shout for attention!
You closely miss the river rat. You hit the plant.
The plant begins to die.
You hit the plant.
The plant begins to die.
The river rat bites you but does no damage.
You hit the river rat but do no damage. You hit the plant. x2
The river rat bites you.
You barely miss the river rat. You headbutt the river rat.
You hit the plant. x2
A nearby plant withers and dies.
The river rat closely misses you.
You hit the river rat but do no damage. Your headbutt misses the river rat.
You hit the plant.
A nearby plant withers and dies.
The river rat bites you!
You closely miss the river rat. The river rat bites you!
* * * LOW HITPOINT WARNING * * *
The river rat bites you but does no damage. x2
You hit the river rat. You headbutt the river rat.
You barely miss the river rat. The river rat bites you.
* * * LOW HITPOINT WARNING * * *
The river rat barely misses you.
You closely miss the river rat. You hit the river rat but do no damage.
The river rat barely misses you. The river rat bites you.
You die...

#########
###...PP..###
##≈≈.....~~..~
##≈≈≈..@rP..~..
#≈≈≈...#r#~~...
#≈≈≈.∩.#~# ...
#≈≈≈≈.∩.#~# #
#≈≈≈....#~#
######P.#~#
~..#~# #.##~#
P.#


You could see 2 river rats.

Vanquished Creatures
  2 giant cockroaches (D:5)
  2 quokkas (D:5)
4 creatures vanquished.

Vanquished Creatures (others)
  2 plants (Sewer)
2 creatures vanquished.

Grand Total: 6 creatures vanquished

Notes
Turn   | Place    | Note
-------+----------+-------------------------------------------
     0 | D:5      | Pooter the Minotaur Delver began the quest for the Orb.
     0 | D:5      | Reached XP level 1. HP: 19/19 MP: 0/0
     1 | D:5      | Found a staircase to the Ecumenical Temple.
     8 | Temple   | Entered the Ecumenical Temple
   200 | Temple   | Became a worshipper of Trog the Wrathful
   222 | D:5      | Found a glowing drain.
   235 | D:5      | Noticed a phantom
   237 | D:5      | Noticed a gnoll bouda
   248 | Sewer    | Entered a sewer
   263 | Sewer    | Slain by a river rat

Illustrated notes

Levels and vault maps discovered:
D:5:      layout_rooms, minmay_temple_entry_crystal_x, portal_sewer_entry_f
Temple:   mainiacjoe_temple_trianglar_array
Sewer:    sewer_co_scattered_pipes

Action                     || total
---------------------------++-------
  Melee: Hand axe          ||    13
         Headbutt          ||     4
    Use: Scroll            ||     1
 Armour: Leather armour    ||     4
  Dodge: Dodged            ||     6

Table legend: (Time is in decaauts)
 A = Elapsed time spent in this place.
 B = Non-inter-level travel time spent in this place.
 C = Inter-level travel time spent in this place.
 D = Time resting spent in this place.
 E = Time spent auto-exploring this place.
 F = Levels seen in this place.
 G = Mean time per level.
                   A        B        C        D        E       F      G
               +--------+--------+--------+--------+--------+-----+--------+
         Total |    267 |    255 |     12 |      0 |    189 |   3 |   89.0 |
       Dungeon |     45 |     45 |      0 |      0 |      0 |   1 |   45.0 |
        Temple |    205 |    193 |     12 |      0 |    187 |   1 |  205.0 |
         Sewer |     15 |     15 |      0 |      0 |      2 |   1 |   15.0 |
               +--------+--------+--------+--------+--------+-----+--------+

Top non-repeatable levels by time:
  Temple: 205 daAuts
     D:5: 45 daAuts
   Sewer: 15 daAuts
